Map: 어스름 탑

Players

Seigifried

  • Race: Protoss Protoss
  • League: Platinum

TOP - Winner!

  • Race: Terran Terran

Event: Gauntlet LotV Series 1 Qualifier 2

VOD

Have the link to the VOD?

Description

Time

  • Played on: Dec. 5, 2015, 3:10 p.m.
  • Length: 11:35

All games in this series

Show
View Real Time Build Order
Export as new Build Order

Seigifried Protoss 

Build Orders: Blink Stalkers 

Get SALT Encoding   

  12  0:01  Probe (Chrono Boost)  
  13  0:12  Probe (Chrono Boost)  
  14  0:17  Pylon  
  14  0:22  Probe (Chrono Boost)  
  15  0:36  Gateway  
  15  0:43  Assimilator  
  15  0:44  Probe (Chrono Boost)  
  16  0:55  Probe (Chrono Boost)  
  17  1:05  Probe (Chrono Boost)  
  17  1:10  Pylon  
  18  1:16  Probe (Chrono Boost)  
  19  1:21  Assimilator  
  19  1:26  Cybernetics Core  
  19  1:53  Nexus  
  19  2:02  Mothership Core (Chrono Boost)  
  19  2:04  Warp Gate  
  21  2:21  Probe (Chrono Boost)  
  22  2:23  Adept  
  22  2:29  Pylon  
  24  2:31  Probe (Chrono Boost)  
  25  2:42  Probe (Chrono Boost)  
  26  2:48  Gateway  
  26  2:57  Twilight Council  
  26  3:01  Probe (Chrono Boost)  
  27  3:12  Probe (Chrono Boost)  
  29  3:14  Stalker  
  29  3:17  Probe (Chrono Boost)  
  31  3:22  Probe (Chrono Boost)  
  32  3:28  Pylon  
  32  3:35  Stalker  
  32  3:41  Blink (Chrono Boost)  
  34  3:44  Probe  
  37  4:06  Gateway  
  37  4:13  Probe  
  37  4:15  Probe  
  37  4:16  Gateway  
  37  4:19  Stalker  
  37  4:20  Stalker  
  41  4:29  Pylon  
  41  4:33  Probe  
  42  4:46  Robotics Facility  
  42  4:47  Stalker x2  
  42  4:50  Probe  
  47  4:54  Probe  
  47  4:59  Pylon  
  48  5:03  Probe  
  48  5:04  Probe  
  48  5:06  Sentry  
  52  5:15  Probe  
  52  5:17  Probe  
  52  5:18  Dark Shrine  
  54  5:27  Probe  
  54  5:28  Stalker x2  
  59  5:50  Stalker x2  
  59  5:55  Warp Prism (Chrono Boost)  
  65  6:01  Stalker x2  
  69  6:09  Pylon  
  69  6:10  Assimilator  
  60  6:32  Probe  
  59  6:34  Probe  
  59  6:37  Stalker x2  
  59  6:38  Stalker x2  
  69  6:45  Probe  
  69  6:46  Probe  
  71  6:49  Observer (Chrono Boost)  
  71  6:50  Gateway  
  72  6:56  Probe  
  72  6:58  Probe  
  74  7:03  Pylon  
  74  7:16  Probe  
  74  7:18  Probe  
  76  7:23  Stalker x2, Gateway  
  76  7:24  Stalker x2  
  76  7:29  Assimilator  
  80  7:54  Stalker  
  80  7:55  Stalker  
  80  7:56  Stalker  
  80  7:57  Probe  
  87  7:58  Probe  
  87  8:04  Pylon  
  82  8:33  Nexus  
  82  8:36  Pylon  
  82  8:39  Robotics Bay  
  82  8:41  Dark Templar  
  82  8:42  Pylon  
  82  8:43  Dark Templar  
  86  8:56  Probe  
  86  8:57  Probe  
  88  9:05  Robotics Facility  
  88  9:16  Stalker x2  
  88  9:17  Stalker  
  89  9:27  Disruptor (Chrono Boost)  
  80  9:45  Stalker  
  80  9:46  Probe  
  80  9:47  Probe  
  82  9:53  Adept  
  73  10:08  Disruptor (Chrono Boost)  
  73  10:12  Dark Templar  
  77  10:14  Dark Templar  
  62  10:22  Dark Templar  
Show
View Real Time Build Order
Export as new Build Order

TOP Terran - Winner!

Build Orders: Liberator Opening, Bio Tank, MMM Bio 

Get SALT Encoding   

  12  0:01  SCV  
  13  0:13  SCV  
  14  0:17  Supply Depot  
  14  0:25  SCV  
  15  0:39  SCV  
  15  0:40  Barracks  
  16  0:47  Supply Depot  
  16  0:51  SCV  
  17  1:03  SCV  
  18  1:15  SCV  
  19  1:28  Orbital Command  
  19  1:29  Marine  
  20  1:39  Command Center  
  20  1:46  Marine  
  20  1:48  Refinery  
  20  1:52  Refinery  
  21  1:55  SCV  
  22  2:04  Marine  
  22  2:07  SCV  
  24  2:19  SCV  
  25  2:29  Barracks Reactor  
  25  2:31  SCV  
  26  2:43  SCV, Factory  
  27  2:51  Orbital Command  
  27  2:55  SCV  
  28  3:07  Marine x2  
  28  3:09  SCV  
  28  3:11  Command Center  
  31  3:17  SCV  
  32  3:21  SCV  
  32  3:25  Marine x2  
  35  3:28  Starport  
  35  3:29  Widow Mine  
  37  3:38  Supply Depot  
  37  3:39  SCV  
  38  3:42  SCV  
  38  3:43  Marine  
  38  3:47  Liberator, Marine  
  41  3:51  SCV  
  41  3:54  SCV  
  43  3:57  Engineering Bay  
  43  3:58  Widow Mine  
  45  4:06  SCV  
  49  4:12  Supply Depot  
  49  4:15  SCV  
  50  4:19  Marine x2  
  52  4:25  SCV  
  52  4:26  Supply Depot  
  52  4:30  Liberator, Orbital Command  
  53  4:36  Marine x2  
  55  4:39  SCV x2  
  55  4:40  Factory Tech Lab  
  57  4:51  SCV  
  57  4:52  SCV  
  62  4:54  Barracks  
  62  4:59  Siege Tank  
  65  5:00  Marine  
  65  5:01  Marine  
  65  5:03  SCV x2  
  65  5:04  SCV  
  70  5:09  Refinery  
  70  5:10  Refinery  
  70  5:12  Missile Turret  
  70  5:13  Liberator  
  70  5:15  SCV  
  70  5:19  SCV x2, Barracks  
  73  5:23  Marine  
  73  5:24  Marine  
  75  5:33  Siege Tank  
  75  5:35  SCV x2  
  83  5:37  SCV  
  84  5:43  Barracks Tech Lab  
  84  5:46  Barracks x2  
  84  5:47  SCV  
  85  5:51  Supply Depot  
  85  5:53  Terran Infantry Weapons Level 1  
  85  6:02  Stimpack  
  85  6:09  Missile Turret  
  85  6:11  Barracks Tech Lab  
  85  6:12  Barracks Reactor  
  85  6:13  Siege Tank, Marauder  
  85  6:15  Supply Depot, Liberator  
  87  6:31  Marauder  
  89  6:35  SCV  
  90  6:42  Barracks Reactor, Barracks Tech Lab  
  90  6:43  Combat Shields  
  90  6:44  Supply Depot  
  90  6:46  Supply Depot, Marauder  
  92  6:47  SCV  
  92  6:51  Supply Depot, Refinery  
  92  6:52  Command Center, Supply Depot, Marine x2  
  92  6:53  Marauder  
  97  6:54  Liberator  
  97  6:59  SCV  
  98  7:06  Marauder  
  98  7:07  Missile Turret, Marine  
  101  7:08  Supply Depot, Liberator  
  101  7:09  Supply Depot, Marine x2  
  101  7:12  SCV  
  101  7:14  Marauder  
  109  7:24  Marine x2  
  109  7:25  Marine  
  109  7:27  Marine  
  116  7:32  SCV  
  116  7:33  Armory, Engineering Bay  
  116  7:35  Marine  
  116  7:36  Marauder  
  120  7:42  Marine x2  
  120  7:43  Marauder  
  124  7:44  SCV  
  124  7:45  Marauder  
  124  7:52  Marine x2  
  124  7:56  SCV  
  124  7:57  Marauder  
  129  8:00  Marine x2  
  129  8:02  Medivac  
  129  8:04  Marauder  
  135  8:07  Marauder  
  135  8:08  Medivac  
  135  8:11  Marine x2  
  141  8:14  Orbital Command  
  141  8:18  Marauder  
  141  8:19  Siege Tank  
  146  8:22  Marine x2  
  146  8:26  Marauder  
  150  8:29  Marine x2  
  150  8:30  Marauder  
  154  8:40  Marauder, Marine x2  
  158  8:48  Liberator  
  158  8:50  Marauder, Marine x2  
  158  8:51  Marauder  
  164  9:02  Orbital Command  
  164  9:05  Marine  
  164  9:06  Marauder, Medivac  
  164  9:07  Terran Infantry Weapons Level 2  
  164  9:08  Terran Infantry Armor Level 1, Supply Depot  
  172  9:10  Supply Depot  
  172  9:29  Marine x4  
  172  9:30  Marauder x2  
  172  9:31  Liberator, Marine  
  178  9:47  Marine x3  
  178  9:48  Marauder  
  178  9:49  Marine  
  187  10:04  Supply Depot, Marauder x2  
  187  10:05  Marine x3  
  191  10:09  Marauder  
  187  10:26  Marauder x2  
  187  10:29  Marine x2  
  187  10:30  Marauder, Marine x2  
  177  10:47  Marauder x2, Marine x3  
  177  10:48  Marine  
  185  10:52  Marauder  
  186  11:05  Marine x4  
  186  11:09  Marauder x2  
  194  11:13  Marauder  
Tags
 
Add a new tag
Caveats
  • Supply blocks, unpowered buildings, or Contaminate may cause inaccurate times.
  • Supply counts are checked every 10 seconds.